 Dungeon Crawl Stone Soup version 0.27-a0-1565-gad902ab807 (webtiles) character file.

Game seed: 421501884713390425

128 ezpacito the Skirmisher (level 4, -3/36 HPs)
             Began as a Demonspawn Abyssal Knight on July 16, 2021.
             Was a Believer of Lugonu.
             Slain by a gnoll (8 damage)
             ... on level 3 of the Dungeon.
             The game lasted 00:04:35 (3560 turns).

ezpacito the Skirmisher (Demonspawn Abyssal Knight) Turns: 3560, Time: 00:04:36

Health: -3/36      AC: 11    Str: 12    XL:     4   Next: 87%
Magic:  6/6        EV: 10    Int: 13    God:    Lugonu [**....]
Gold:   98         SH:  0    Dex: 14    Spells: 3/3 levels left

rFire    . . .     SeeInvis .   a - +1 hand axe
rCold    . . .     Faith    .   (no shield)
rNeg     . . .     Spirit   .   k - +0 ring mail
rPois    .         Reflect  .   (helmet restricted)
rElec    .         Harm     .   (no cloak)
rCorr    .         Rampage  .   (no gloves)
Will     .....                  (no boots)
Stlth    +.........             (no amulet)
HPRegen  0.12/turn              (no ring)
MPRegen  0.20/turn              (no ring)

@: sanguine armoured, very slightly contaminated, invisible
A: antennae 1, magic regeneration, sanguine armour 1
a: Renounce Religion, Depart the Abyss, Bend Space


You were on level 3 of the Dungeon.
You worshipped Lugonu.
Lugonu was pleased with you.
You visited 1 branch of the dungeon, and saw 3 of its levels.
You visited the Abyss 1 time.

You collected 98 gold pieces.

Inventory:

Hand Weapons
 a - a +1 hand axe (weapon)
Missiles
 g - 6 boomerangs
 i - 34 stones
Armour
 k - a +0 ring mail (worn)
Wands
 l - a wand of polymorph (6)
Scrolls
 b - a scroll of immolation {unknown}
 c - a scroll of torment
 d - a scroll of enchant weapon {unknown}
 h - a scroll of blinking {unknown}
 j - 2 scrolls of vulnerability {unknown}
Potions
 e - a potion of invisibility
 f - 2 potions of attraction


   Skills:
 + Level 3.6 Fighting
 + Level 2.3 Axes
 + Level 2.3 Armour
 + Level 1.7 Dodging
 + Level 1.7 Stealth
 + Level 0.4 Spellcasting
 + Level 3.3 Invocations


You had 3 spell levels left.
You didn't know any spells.
Your spell library contained the following spells:

 Spells                   Type           Power      Damage    Failure   Level
 Magic Dart               Conj           0%         1d3       54%         1
 Call Imp                 Summ           0%         N/A       69%         2
 Gell's Gravitas          Tloc           0%         N/A       89%         3
 Lesser Beckoning         Tloc           0%         N/A       89%         3
 Mephitic Cloud           Conj/Pois/Air  0%         N/A       89%         3
 Teleport Other           Tloc           0%         N/A       89%         3


Dungeon Overview and Level Annotations

Branches:
Dungeon (3/15)

Altars:


Innate Abilities, Weirdness & Mutations

You have a pair of small antennae on your head.
You regenerate magic rapidly.
When seriously injured, your bleeding wounds create armour. (AC +6)


Message History

You catch the helpless gnoll completely off-guard!
You hit the gnoll.
The gnoll is severely wounded.
The gnoll completely misses you.
You hit the gnoll but do no damage.
The gnoll is severely wounded.
The gnoll barely misses you.
You hit the gnoll.
The gnoll is severely wounded.
The gnoll hits you but does no damage. The gnoll closely misses you.
You hit the gnoll.
You kill the gnoll!
Lugonu accepts your kill.
You catch the helpless gnoll completely off-guard!
You hit the gnoll.
The gnoll is heavily wounded.
The gnoll hits you but does no damage.
You closely miss the gnoll.
The gnoll is heavily wounded.
The gnoll barely misses you. The gnoll hits you but does no damage.
Your ring mail prevents you from hitting the gnoll.
The gnoll is heavily wounded.
You hit the gnoll.
The gnoll is almost dead.
The gnoll barely misses you.
You hit the gnoll.
You kill the gnoll!
Lugonu accepts your kill.
You can now bend space around yourself.
The gnoll closely misses you.
Okay, then.
You hit the gnoll.
The gnoll is lightly wounded.
The gnoll hits you with a +0 flail.
* * * LOW HITPOINT WARNING * * *
As you read the scroll labelled ROICSO PUAVVY, it crumbles to dust.
Your body is wracked with pain!
* * * LOW HITPOINT WARNING * * *
The gnoll convulses! x2; It was a scroll of torment.
The gnoll hits you with a +0 flail!
You die...

.### <..# #.#
.#.## #.# .#..##
# #.#
##.#.##.#####
#.#
#.###........
.g.
##.#.######.#
#.# ##..## #.#
#g# ##..# #.#
#@# ##.<# #.#
#.###.### ##..#
##.####.......#
##..#
##...........##.
....#
#...##########
##)รท#####...#
#.#.........#
##..#.#.#...#
#...###.#.#####


You could see 2 gnolls.

Vanquished Creatures
  2 gnolls (D:3)
  5 adders
  2 worms (D:2)
  3 ball pythons (D:2)
  5 endoplasms
  3 giant cockroaches (D:1)
  5 goblins
  5 hobgoblins
  4 jackals
  4 kobolds
  3 quokkas
  10 bats
  2 frilled lizards (D:2)
  2 rats
55 creatures vanquished.

Vanquished Creatures (others)
  2 plants (D:1)
2 creatures vanquished.

Grand Total: 57 creatures vanquished

Notes
Turn   | Place    | Note
-------+----------+-------------------------------------------
     0 | Abyss:1  | ezpacito the Demonspawn Abyssal Knight began the quest for
                  | the Orb.
     0 | Abyss:1  | Reached XP level 1. HP: 18/18 MP: 2/2
    60 | Abyss:1  | Found a corrupted altar of Lugonu.
   128 | Abyss:1  | Noticed a small abomination
   136 | D:1      | Escaped the Abyss
   482 | D:1      | Reached skill level 1 in Dodging
   484 | D:1      | Found a faded altar of an unknown god.
   547 | D:1      | Gained mutation: You regenerate magic rapidly. [demonic
                  | ancestry]
   547 | D:1      | Reached XP level 2. HP: 21/24 MP: 3/3
   560 | D:1      | Reached * piety under Lugonu
  1302 | D:1      | Gained mutation: You have a pair of small antennae on your
                  | head. [demonic ancestry]
  1302 | D:1      | Reached XP level 3. HP: 24/29 MP: 5/5
  1636 | D:2      | Reached skill level 1 in Stealth
  1966 | D:2      | HP: 1/29 [frozen (5)]
  2605 | D:2      | Gained mutation: When seriously injured, your bleeding
                  | wounds create armour. (AC +6) [demonic ancestry]
  2605 | D:2      | Reached XP level 4. HP: 19/35 MP: 6/6
  3558 | D:3      | Reached ** piety under Lugonu
  3560 | D:3      | Slain by a gnoll

Illustrated notes

Levels and vault maps discovered:
D:1:      evilmike_arrival_home_sweet_home, layout_loops_ring,
          chequers_ecumenical_altar_island, serial_bayou_crossing
D:2:      minmay_angry_zag, layout_basic, minmay_misc_feat_iff,
          chequers_serial_rivers_micro_c, minmay_misc_feat_doors
D:3:      minmay_skewed_foursquare, layout_loops_ring

Skill      XL: |  1  2  3 |
---------------+----------+-----
Dodging        | 1 |  1.7
Armour         | 2 |  2.3
Axes           | 2 |  2.3
Stealth        | 1 |  1.7
Invocations    | 3 |  3.3
Fighting       | |  3.6
Spellcasting   | |  0.4

Action                   |  1- 3 |  4- 6 || total
-------------------------+-------+-------++-------
Melee: Hand axe          |   185 |    66 ||   251
Invok: Depart the Abyss  |     1 |       ||     1
  Use: Scroll            |     3 |     1 ||     4
       Potion            |     2 |     1 ||     3
 Stab: Sleeping          |     1 |       ||     1
       Invisible         |       |     2 ||     2
Armor: Leather armour    |    68 |     8 ||    76
       Ring mail         |       |    16 ||    16
Dodge: Dodged            |   157 |    38 ||   195

Table legend: (Time is in decaauts)
 A = Elapsed time spent in this place.
 B = Non-inter-level travel time spent in this place.
 C = Inter-level travel time spent in this place.
 D = Time resting spent in this place.
 E = Time spent auto-exploring this place.
 F = Levels seen in this place.
 G = Mean time per level.
                   A        B        C        D        E       F      G
               +--------+--------+--------+--------+--------+-----+--------+
         Total |   3625 |   3545 |     80 |   1082 |   1853 |   4 |  906.2 |
       Dungeon |   3489 |   3409 |     80 |   1082 |   1799 |   3 | 1163.0 |
         Abyss |    136 |    136 |      0 |      0 |     53 |   1 |  136.0 |
               +--------+--------+--------+--------+--------+-----+--------+

Top non-repeatable levels by time:
     D:2: 1668 daAuts
     D:1: 1491 daAuts
     D:3: 329 daAuts
 Abyss:1: 136 daAuts
